Map: 2000 Atmospheres LE

Players

Crag - Winner!

  • Race: Protoss Protoss

VOD

Have the link to the VOD?

Description

Time

  • Played on: Aug. 13, 2021, 4:20 p.m.
  • Length: 7:36
Show
View Real Time Build Order
Export as new Build Order

Crag Protoss - Winner!

Build Orders:  

Get SALT Encoding   

  12  0:04  Probe (Chrono Boost)  
  13  0:23  Pylon  
  13  0:29  Probe (Chrono Boost)  
  14  0:46  Probe (Chrono Boost)  
  15  0:51  Gateway  
  15  1:03  Probe (Chrono Boost), Assimilator  
  16  1:19  Probe (Chrono Boost)  
  17  1:36  Probe (Chrono Boost)  
  18  1:44  Pylon  
  18  1:53  Probe (Chrono Boost)  
  20  2:10  Probe (Chrono Boost)  
  20  2:15  Nexus  
  20  2:28  Cybernetics Core  
  20  2:35  Probe (Chrono Boost)  
  21  2:46  Pylon  
  21  2:53  Probe (Chrono Boost)  
  22  3:13  Probe (Chrono Boost)  
  23  3:29  Probe  
  26  3:34  Robotics Facility  
  26  3:46  Probe  
  26  3:49  Unknown  
  27  3:56  Probe  
  27  3:57  Stalker (Chrono Boost)  
  30  4:03  Probe  
  31  4:13  Probe  
  31  4:15  Warp Gate (Chrono Boost)  
  32  4:20  Probe  
  33  4:30  Probe, Gateway  
  33  4:32  Gateway, Warp Prism (Chrono Boost)  
  34  4:40  Probe  
  34  4:48  Stalker  
  39  4:51  Probe  
  40  5:03  Gateway  
  40  5:08  Probe  
  41  5:22  Gateway  
  41  5:27  Gateway  
  41  5:28  Pylon  
  41  5:37  Gateway  
  41  5:44  Stalker  
  43  5:58  Observer (Chrono Boost)  
  44  6:01  Probe x2  
  46  6:13  Pylon  
  46  6:18  Probe  
  47  6:20  Probe  
  48  6:30  Pylon  
  48  6:40  Stalker  
  48  6:41  Stalker x2  
  48  6:43  Zealot  
  48  6:44  Zealot x2  
  60  6:54  Stalker  
  62  7:15  Zealot x3  
  62  7:16  Zealot x3  
Tags
 
Add a new tag
Caveats
  • Supply blocks, unpowered buildings, or Contaminate may cause inaccurate times.
  • Supply counts are checked every 10 seconds.